 Dungeon Crawl Stone Soup version 0.29.0-4-gdea44cf6ec (webtiles) character file.

Game seed: 4062934629351877971

3643 qw the Cleaver (level 9, 0/81 HPs)
             Began as a Minotaur Berserker on Sept 8, 2022.
             Was a Priest of Trog.
             Slain by Maurice
             ... wielding a +1 short sword of venom
              (15 damage)
             ... on level 8 of the Dungeon.
             The game lasted 00:02:35 (9157 turns).

qw the Cleaver (Minotaur Berserker)                 Turns: 9157, Time: 00:02:36

Health: 0/81       AC: 12    Str: 23 (25) XL:     9   Next: 88%
Magic:  8/8        EV:  7    Int:  3 (4)  God:    Trog [***...]
Gold:   0          SH:  5    Dex:  8 (11) Spells: 8/8 levels left

rFire   . . .      SeeInvis .   Y - +0 war axe
rCold   . . .      Faith    .   (no shield)
rNeg    + . .      Spirit   .   t - +0 plate armour
rPois   .          Reflect  +   (helmet restricted)
rElec   .          Harm     .   (no cloak)
rCorr   .          Rampage  .   (no gloves)
Will    .....                   (no boots)
Stlth   ..........              o - amulet of reflection
HPRegen 0.23/turn               q - ring of positive energy
MPRegen 0.11/turn               (no ring)

@: on berserk cooldown, slowed, very slow
A: horns 2, retaliatory headbutt
a: Renounce Religion, Berserk, Trog's Hand


You were on level 8 of the Dungeon.
You worshipped Trog.
Trog was most pleased with you.
You visited 1 branch of the dungeon, and saw 8 of its levels.


Innate Abilities, Weirdness & Mutations

You have a pair of horns on your head.
You reflexively headbutt those who attack you in melee.


   Skills:
 - Level 8.1 Fighting
 + Level 14.1 Axes
 - Level 2.7 Throwing
 - Level 6.1 Armour
 - Level 2.1 Dodging


You had 8 spell levels left.
You didn't know any spells.
Your spell library was empty.

Inventory:

Hand Weapons
 a - a +4 flail
 Y - a +0 war axe (weapon)
Missiles
 h - 2 boomerangs (quivered)
Armour
 t - a +0 plate armour (worn)
Jewellery
 o - an amulet of reflection (around neck)
 q - a ring of positive energy (left hand)
Scrolls
 b - 2 scrolls of identify
 u - 2 scrolls of teleportation
Potions
 c - a potion of resistance
 d - a potion of cancellation
 f - 4 potions of curing
 k - a potion of heal wounds
 l - a potion of mutation {unknown}
 m - a potion of invisibility {unknown}
 r - a potion of might

Dungeon Overview and Level Annotations

Branches:
Dungeon (8/15)             Temple (0/1) D:4
   Lair: D:8-11

Altars:
Ashenzari
Elyvilon
Gozag
Makhleb
Yredelemnul

Shops:
D:1 [[[==   D:4 *   D:6 :

Annotations:
D:8 Maurice


Message History

You feel sick.
You slash the orc!
You kill the orc!
Trog accepts your kill.
You miss something. Something hits you but does no damage.
You slice something!! Your headbutt misses something.
You feel sick.
You miss something. You closely miss something.
Something hits you but does no damage.
You slash something! Trog accepts your kill.
Reactivating autopickup.
You feel a bit more experienced.
You miss something.
You feel sick. Something hits you!
Something steals 1 of your 3 scrolls of teleportation!
You are more poisoned.
Deactivating autopickup; reactivate with Ctrl-A.
You hit something.
You feel sick.
You barely miss something.
You feel a strong urge to attack something.
You feel very sick. Something hits you but does no damage.
You are lethally poisoned!
You barely miss something.
You are no longer berserk.
You are exhausted.
You feel yourself slow down.
You feel very sick.
9155 ||| DRINKING 5 potions of curing.
You feel better.
9155 ||| (to cure poison)
Something hits you but does no damage. Something hits you.
Something steals 2 of your 4 boomerangs!
You hit something but do no damage. Something hits you.
Something steals 430 gold pieces!
You now have 0 gold pieces.
You barely miss something. Something hits you!
You die...

#.......##
##<#####.#
#.......###
#.......#
#.........#
#...##.##
#######.#.###
#.### #.#...#
#.#
#.###.###.#
#.# #...#.#
#.# ###.%.#
#.# ##@.# #..
#)%......
#...###.#
#..## ..##
... ... ####


There were no monsters in sight!

Vanquished Creatures
  A hornet (D:7)
  2 steam dragons
  Menkaure (D:6)
  Duvessa (D:7)
  2 sky beasts
  A black bear (D:5)
  An ice beast (D:5)
  An orc warrior (D:7)
  An ogre (D:5)
  3 centaurs
  4 bullfrogs
  3 necrophages
  2 scorpions
  9 wights
  Dowan (D:7)
  4 howler monkeys
  5 bullfrog zombies (D:6)
  5 hounds
  An orc priest (D:6)
  A human zombie (D:6)
  6 iguanas
  5 orc wizards
  A killer bee zombie (D:6)
  A mummy (D:6)
  A howler monkey zombie (D:6)
  14 adders
  3 white imps
  An ufetubus (D:5)
  A worm (D:2)
  26 orcs
  9 endoplasms
  4 giant cockroaches
  8 goblins
  6 hobgoblins
  5 jackals
  5 kobolds
  5 quokkas
  10 ball pythons
  7 bats
  4 frilled lizards
  6 rats
177 creatures vanquished.

Vanquished Creatures (others)
  A butterfly (D:5)
  4 fungi (D:8)
  3 plants
8 creatures vanquished.

Grand Total: 185 creatures vanquished

Notes
Turn   | Place    | Note
-------+----------+-------------------------------------------
     0 | D:1      | qw the Minotaur Berserker began the quest for the Orb.
     0 | D:1      | Reached XP level 1. HP: 19/19 MP: 0/0
     0 | D:1      | 0 ||| qw: Version: 0.1-a-111-g1c1fd2e
     0 | D:1      | 0 ||| qw: Game counter: 6603
     0 | D:1      | 0 ||| qw: Always use a shield: true
     0 | D:1      | 0 ||| qw: Do Orc after D:15 true
     0 | D:1      | 0 ||| qw: Do second Lair branch before Depths: true
     0 | D:1      | 0 ||| qw: Lair rune preference: random
     0 | D:1      | 0 ||| qw: Plans: Normal
     0 | D:1      | 0 ||| PLANNING D:1-11
    23 | D:1      | Found Oletwur's Jewellery Boutique.
    32 | D:1      | 32 ||| SHOPLISTING +4 ring of evasion (396 gold, have 13).
    32 | D:1      | 32 ||| SHOPLISTING amulet of reflection (330 gold, have
                  | 13).
    32 | D:1      | 32 ||| SHOPLISTING ring of ice (275 gold, have 13).
    32 | D:1      | 32 ||| SHOPLISTING ring of poison resistance (220 gold,
                  | have 13).
    32 | D:1      | 32 ||| SHOPLISTING ring of protection from cold (275 gold,
                  | have 13).
    32 | D:1      | 32 ||| SHOPLISTING ring of protection from fire (275 gold,
                  | have 13).
    67 | D:1      | Found Pavuen's Armour Boutique.
    70 | D:1      | 70 ||| Stepping ~*~*~tactically~*~*~ (stealth).
    74 | D:1      | Reached skill level 4 in Axes
    75 | D:1      | 75 ||| Stepping ~*~*~tactically~*~*~ (stealth).
    84 | D:1      | Reached XP level 2. HP: 22/26 MP: 1/1
   154 | D:1      | 154 ||| SHOPLISTING +0 chain mail (45 gold, have 13).
   154 | D:1      | 154 ||| SHOPLISTING +0 leather armour (20 gold, have 13).
   154 | D:1      | 154 ||| SHOPLISTING +0 pair of gloves (45 gold, have 13).
   154 | D:1      | 154 ||| SHOPLISTING +0 scale mail (40 gold, have 13).
   154 | D:1      | 154 ||| SHOPLISTING +1 kite shield of fire resistance (165
                  | gold, have 13).
   218 | D:1      | Found Jeystoik's Armour Emporium.
   226 | D:1      | 226 ||| SHOPLISTING +0 leather armour (20 gold, have 13).
   226 | D:1      | 226 ||| SHOPLISTING +0 ring mail (40 gold, have 13).
   226 | D:1      | 226 ||| SHOPLISTING +2 leather armour "Goostoab" {rPois
                  | rF+} (302 gold, have 13).
   226 | D:1      | 226 ||| SHOPLISTING +2 pair of boots (165 gold, have 13).
   226 | D:1      | 226 ||| SHOPLISTING +2 robe of positive energy (147 gold,
                  | have 13).
   346 | D:1      | Found Karianoll's Armour Shop.
   410 | D:1      | Found Tairu's Jewellery Shoppe.
   458 | D:1      | 458 ||| SHOPLISTING +0 chain mail (45 gold, have 13).
   458 | D:1      | 458 ||| SHOPLISTING +0 leather armour (20 gold, have 13).
   458 | D:1      | 458 ||| SHOPLISTING +0 ring mail (40 gold, have 13).
   458 | D:1      | 458 ||| SHOPLISTING +1 plate armour "Yrphiub" {Will+} (406
                  | gold, have 13).
   458 | D:1      | 458 ||| SHOPLISTING +8 orange crystal plate armour
                  | {Archmagi, Int+3 Clar} (1445 gold, have 13).
   474 | D:1      | 474 ||| SHOPLISTING +4 ring of evasion (468 gold, have 13).
   474 | D:1      | 474 ||| SHOPLISTING +4 ring of slaying (1014 gold, have
                  | 13).
   474 | D:1      | 474 ||| SHOPLISTING +6 ring of dexterity (468 gold, have
                  | 13).
   474 | D:1      | 474 ||| SHOPLISTING amulet "Wovogug" {RegenMP rElec rCorr
                  | Str+8 Dex-4} (754 gold, have 13).
   474 | D:1      | 474 ||| SHOPLISTING amulet of the acrobat (390 gold, have
                  | 13).
   474 | D:1      | 474 ||| SHOPLISTING ring of poison resistance (260 gold,
                  | have 13).
   474 | D:1      | 474 ||| SHOPLISTING ring of positive energy (260 gold, have
                  | 13).
   499 | D:1      | Reached ** piety under Trog
   500 | D:1      | Reached skill level 5 in Axes
   712 | D:1      | Reached XP level 3. HP: 31/31 MP: 2/2
   717 | D:1      | 717 ||| Stepping ~*~*~tactically~*~*~ (water).
   856 | D:1      | 856 ||| READING scroll labelled MYLIRI IVEMAN.
  1031 | D:2      | Found a faded altar of an unknown god.
  1589 | D:2      | 1589 ||| INVOKING Berserk.
  1936 | D:2      | 1936 ||| READING scroll labelled YTEHANW SE OWI.
  1937 | D:2      | 1937 ||| READING scroll labelled ETWUIL TIHYOMO.
  1938 | D:2      | 1938 ||| DRINKING 2 silvery potions.
  1981 | D:3      | 1981 ||| INVOKING Berserk.
  1986 | D:3      | HP: 11/46 [poisoned by an adder]
  2245 | D:3      | 2245 ||| Stepping ~*~*~tactically~*~*~ (water).
  2670 | D:3      | Reached skill level 1 in Throwing
  2670 | D:3      | Reached XP level 4. HP: 39/39 MP: 3/3
  2730 | D:3      | Reached skill level 6 in Axes
  3433 | D:3      | 3433 ||| UPGRADING to +0 leather armour.
  3443 | D:3      | 3443 ||| DROPPING +0 animal skin.
  3444 | D:3      | 3444 ||| UPGRADING to amulet of reflection.
  3449 | D:3      | 3449 ||| READING scroll labelled DUPRATW PATAU.
  3450 | D:3      | 3450 ||| READING scroll labelled BEKUMY GECOJAE.
  3453 | D:3      | 3453 ||| READING scroll labelled OBUAHU LIZYIBB.
  3454 | D:3      | 3454 ||| READING scroll labelled CEOCOR PEFEGU.
  3512 | D:4      | Reached XP level 5. HP: 45/45 MP: 4/4
  3529 | D:4      | Reached skill level 7 in Axes
  3741 | D:4      | Found a staircase to the Ecumenical Temple.
  3748 | D:4      | Reached *** piety under Trog
  3901 | D:4      | Found an opulent altar of Gozag.
  3905 | D:4      | Found Gozag's Platinum Reserve.
  3915 | D:4      | 3915 ||| SHOPLISTING +1 robe "Lalel" {Rampage rC+ Regen+}
                  | (1970 gold, have 222).
  3915 | D:4      | 3915 ||| SHOPLISTING +9 whip "Kumaplie" {spect, rN+ Will++}
                  | (7640 gold, have 222).
  3915 | D:4      | 3915 ||| SHOPLISTING ring "Jeolain" {Fly Will+ Str+5} (4460
                  | gold, have 222).
  4064 | D:4      | Reached XP level 6. HP: 41/52 MP: 5/5
  4155 | D:4      | 4155 ||| Stepping ~*~*~tactically~*~*~ (stealth).
  4158 | D:4      | 4158 ||| Stepping ~*~*~tactically~*~*~ (stealth).
  4163 | D:4      | Reached skill level 8 in Axes
  4647 | D:4      | 4647 ||| UPGRADING to +0 chain mail.
  4657 | D:4      | 4657 ||| DROPPING +0 leather armour.
  4658 | D:4      | 4658 ||| READING scroll labelled MYTIBES QUNK.
  4659 | D:4      | 4659 ||| READING scroll labelled ASYXOI GUUJOM.
  4660 | D:4      | 4660 ||| READING scroll labelled CEDIOSH OSUS LOD.
  4661 | D:4      | 4661 ||| READING 2 scrolls of identify.
  4661 | D:4      | 4661 ||| IDENTIFYING murky black potion
  4662 | D:4      | 4662 ||| DROPPING potion of lignification.
  4702 | D:5      | Entered Level 5 of the Dungeon
  4756 | D:5      | Noticed an ice beast
  4759 | D:5      | 4759 ||| INVOKING Berserk.
  4764 | D:5      | Killed an ice beast
  4958 | D:5      | 4958 ||| INVOKING Berserk.
  4961 | D:5      | Reached skill level 9 in Axes
  5125 | D:5      | 5125 ||| Stepping ~*~*~tactically~*~*~ (hiding).
  5152 | D:5      | Noticed a steam dragon
  5156 | D:5      | 5156 ||| INVOKING Berserk.
  5158 | D:5      | Killed a steam dragon
  5159 | D:5      | Reached XP level 7. HP: 61/61 MP: 6/6
  5236 | D:5      | Found a white marble altar of Elyvilon.
  5237 | D:5      | 5237 ||| SWAPPING to +0 war axe.
  5238 | D:5      | 5238 ||| DROPPING +0 hand axe.
  5306 | D:5      | Reached skill level 3 in Armour
  5367 | D:5      | Found a broken altar of Ashenzari.
  5562 | D:5      | 5562 ||| Stepping ~*~*~tactically~*~*~ (hiding).
  5592 | D:5      | 5592 ||| Stepping ~*~*~tactically~*~*~ (hiding).
  5593 | D:5      | 5593 ||| Stepping ~*~*~tactically~*~*~ (hiding).
  5594 | D:5      | 5594 ||| INVOKING Berserk.
  5597 | D:5      | Reached skill level 10 in Axes
  5598 | D:5      | Found a burning altar of Makhleb.
  5744 | D:5      | 5744 ||| Stepping ~*~*~tactically~*~*~ (stealth).
  5830 | D:5      | Reached skill level 6 in Fighting
  5830 | D:5      | Reached XP level 8. HP: 61/70 MP: 7/7
  5995 | D:5      | 5995 ||| DRINKING 3 bubbling amethyst potions.
  6100 | D:5      | 6100 ||| DROPPING 2 potions of berserk rage.
  6181 | D:6      | 6181 ||| INVOKING Berserk.
  6189 | D:6      | Reached skill level 11 in Axes
  6456 | D:6      | Identified the +5 mace of Instant Death {protect, rCorr
                  | Dex+3}
  6458 | D:6      | 6458 ||| DROPPING +0 whip.
  6489 | D:6      | 6489 ||| FLEEEEING.
  6490 | D:6      | 6490 ||| FLEEEEING.
  6491 | D:6      | 6491 ||| FLEEEEING.
  6492 | D:6      | 6492 ||| FLEEEEING.
  6495 | D:6      | 6495 ||| FLEEEEING.
  6496 | D:6      | 6496 ||| FLEEEEING.
  6497 | D:6      | 6497 ||| FLEEEEING.
  6498 | D:6      | 6498 ||| FLEEEEING.
  6499 | D:6      | 6499 ||| FLEEEEING.
  6500 | D:6      | 6500 ||| FLEEEEING.
  6501 | D:6      | 6501 ||| FLEEEEING.
  6502 | D:6      | 6502 ||| FLEEEEING.
  6503 | D:6      | 6503 ||| FLEEEEING.
  6504 | D:6      | 6504 ||| FLEEEEING.
  6515 | D:6      | 6515 ||| FLEEEEING.
  6516 | D:6      | 6516 ||| FLEEEEING.
  6517 | D:6      | 6517 ||| FLEEEEING.
  6518 | D:6      | 6518 ||| STAIRDANCE
  6609 | D:5      | 6609 ||| UPGRADING to ring of positive energy.
  6610 | D:5      | 6610 ||| READING scroll labelled BIWKUL BALECAV.
  6615 | D:6      | 6615 ||| INVOKING Berserk.
  6657 | D:6      | 6657 ||| Stepping ~*~*~tactically~*~*~ (stealth).
  6658 | D:6      | 6658 ||| Stepping ~*~*~tactically~*~*~ (stealth).
  6671 | D:6      | Noticed Menkaure
  6676 | D:6      | 6676 ||| INVOKING Berserk.
  6678 | D:6      | Killed Menkaure
  6679 | D:6      | Reached skill level 12 in Axes
  6721 | D:6      | 6721 ||| FLEEEEING.
  6730 | D:6      | 6730 ||| STAIRDANCE
  6887 | D:6      | 6887 ||| Stepping ~*~*~tactically~*~*~ (stealth).
  6888 | D:6      | 6888 ||| Stepping ~*~*~tactically~*~*~ (stealth).
  6889 | D:6      | 6889 ||| Stepping ~*~*~tactically~*~*~ (stealth).
  6890 | D:6      | 6890 ||| Stepping ~*~*~tactically~*~*~ (stealth).
  6891 | D:6      | 6891 ||| Stepping ~*~*~tactically~*~*~ (stealth).
  7051 | D:6      | Found Reywnurph's Book Emporium.
  7094 | D:6      | Found a basalt altar of Yredelemnul.
  7131 | D:6      | Reached **** piety under Trog
  7132 | D:6      | Reached XP level 9. HP: 77/79 MP: 8/8
  7398 | D:6      | 7398 ||| Stepping ~*~*~tactically~*~*~ (cloud).
  7401 | D:6      | 7401 ||| Stepping ~*~*~tactically~*~*~ (cloud).
  7418 | D:6      | 7418 ||| Stepping ~*~*~tactically~*~*~ (hiding).
  7424 | D:6      | 7424 ||| INVOKING Berserk.
  7642 | D:6      | 7642 ||| READING scroll labelled HYITEU UFYFYPP.
  7642 | D:6      | Identified a scroll of acquirement
  7642 | D:6      | 7642 ||| ACQUIRING amulet "Catur" {Faith +Blink rF+ rC+++
                  | Dex-4}
  7642 | D:6      | Acquired the amulet "Catur" {Faith +Blink rF+ rC+++ Dex-4}
  7644 | D:6      | 7644 ||| UPGRADING to amulet "Catur" {Faith +Blink rF+
                  | rC+++ Dex-4}.
  7654 | D:6      | 7654 ||| DRINKING 2 sedimented dark potions.
  7655 | D:6      | 7655 ||| DROPPING potion of attraction.
  7693 | D:7      | Reached skill level 13 in Axes
  7727 | D:7      | 7727 ||| INVOKING Berserk.
  7889 | D:7      | 7889 ||| STAIRDANCE
  7906 | D:6      | 7906 ||| UPGRADING to +0 plate armour.
  7916 | D:6      | 7916 ||| DROPPING +0 chain mail.
  7917 | D:6      | 7917 ||| READING scroll labelled BASMIO UFYTAOSUE.
  7918 | D:6      | 7918 ||| READING 3 scrolls of identify.
  7918 | D:6      | 7918 ||| IDENTIFYING viscous white potion
  7919 | D:6      | 7919 ||| READING 2 scrolls of identify.
  7919 | D:6      | 7919 ||| IDENTIFYING glowing emerald potion
  7962 | D:7      | 7962 ||| Stepping ~*~*~tactically~*~*~ (stealth).
  7963 | D:7      | 7963 ||| Stepping ~*~*~tactically~*~*~ (stealth).
  7964 | D:7      | 7964 ||| Stepping ~*~*~tactically~*~*~ (stealth).
  7965 | D:7      | 7965 ||| Stepping ~*~*~tactically~*~*~ (stealth).
  8030 | D:7      | Noticed Dowan
  8031 | D:7      | Noticed Duvessa
  8035 | D:7      | 8035 ||| INVOKING Berserk.
  8037 | D:7      | Killed Duvessa
  8041 | D:7      | Killed Dowan
  8175 | D:7      | 8175 ||| INVOKING Berserk.
  8178 | D:7      | Reached skill level 6 in Armour
  8393 | D:7      | 8393 ||| Stepping ~*~*~tactically~*~*~ (hiding).
  8494 | D:7      | 8494 ||| Stepping ~*~*~tactically~*~*~ (hiding).
  8672 | D:7      | 8672 ||| Stepping ~*~*~tactically~*~*~ (hiding).
  8685 | D:7      | 8685 ||| Stepping ~*~*~tactically~*~*~ (stealth).
  8693 | D:7      | Paralysed by a hornet for 2 turns
  9026 | D:7      | 9026 ||| DROPPING amulet of regeneration.
  9027 | D:7      | 9027 ||| READING scroll labelled GABLUSK XAQUKK.
  9028 | D:7      | 9028 ||| DRINKING 2 bubbling yellow potions.
  9029 | D:7      | 9029 ||| DRINKING 2 bubbling grey potions.
  9030 | D:7      | 9030 ||| UPGRADING to amulet of reflection.
  9040 | D:7      | 9040 ||| READING 3 scrolls of identify.
  9040 | D:7      | 9040 ||| IDENTIFYING viscous orange potion
  9041 | D:7      | 9041 ||| READING 2 scrolls of identify.
  9041 | D:7      | 9041 ||| IDENTIFYING viscous grey potion
  9042 | D:7      | 9042 ||| DROPPING potion of brilliance.
  9043 | D:7      | 9043 ||| DROPPING potion of flight.
  9044 | D:7      | 9044 ||| DROPPING potion of degeneration.
  9125 | D:8      | Noticed Maurice
  9144 | D:8      | 9144 ||| INVOKING Berserk.
  9147 | D:8      | Reached skill level 14 in Axes
  9152 | D:8      | HP: 29/121 [poisoned by Maurice]
  9155 | D:8      | 9155 ||| DRINKING 5 potions of curing.
  9155 | D:8      | 9155 ||| (to cure poison)
  9157 | D:8      | Slain by Maurice

Levels and vault maps discovered:
D:1:      heliophobic_arrival_enchanted_forest, layout_loops_cross,
          serial_shops, shop, nicolae_shop_stone,
          nicolae_shop_temple_entry_statues_fountains, nicolae_shop_statue_plus,
          shop, dk_noncrumbling_2, minmay_stone_trees_medium,
          chequers_serial_rivers_micro_d, fountainhead
D:2:      layout_basic, shapermc_ecumenical_altar_acropolis
D:3:      minmay_chambers_of_threes, layout_basic, grunt_decor_one_mirror,
          minivault_19, serial_bayou_ford_a, minmay_pentangle
D:4:      layout_loops_corners, nicolae_gozag_zags_fifth_avenue,
          minmay_temple_entry_stoned_glass, minmay_snake_closets
D:5:      layout_basic, mainiacjoe_overflow_tiny_flanked,
          nicolae_elyvilon_peaceful_grove, nicolae_ashenzari_panopticon
D:6:      layout_rooms, lemuel_mausoleum_altar_yredelemnul, serial_corexii_hall,
          corexii_hall_statues_u, corexii_hall_statues_deadend,
          corexii_hall_statues_t, serial_shops, shop_fountains,
          minmay_statues_item, minmay_misc_feat_iff, dk_rats_in_the_wall,
          uniq_menkaure
D:7:      layout_rooms, chequers_mini_garden, serial_bayou_pond_a, uniq_duvessa
D:8:      mumra_celtic_spiral_tile, layout_rooms, dpeg_oklobed_lair,
          grunt_ogre_cave, minmay_misc_feat_tower, uniq_maurice, uniq_pikel

Skill      XL: |  1  2  3  4  5  6  7  8  9 |
---------------+----------------------------+-----
Axes           | 4 5 6 7 9 10 12 14 | 14.1
Throwing       | 1 2 |  2.7
Fighting       | 4 5 6 7 8 |  8.1
Armour         | 3 4 6 |  6.1
Dodging        | |  2.1

Action                   |  1- 3 |  4- 6 |  7- 9 || total
-------------------------+-------+-------+-------++-------
Melee: Hand axe          |    89 |   109 |     3 ||   201
       Headbutt          |    15 |    10 |    33 ||    58
       War axe           |       |       |   218 ||   218
       Punch             |       |       |     5 ||     5
Throw: Javelin           |     5 |    22 |    11 ||    38
       Boomerang         |       |     6 |    35 ||    41
Invok: Berserk           |     2 |     3 |     9 ||    14
  Use: Scroll            |     3 |     8 |     8 ||    19
       Potion            |     1 |       |     5 ||     6
Armor: Animal skin       |    13 |     8 |       ||    21
       Leather armour    |       |     5 |       ||     5
       Chain mail        |       |     6 |    41 ||    47
       Plate armour      |       |       |    35 ||    35
Dodge: Dodged            |    40 |    58 |    51 ||   149
Block: Other             |       |     9 |    30 ||    39
       Reflection        |       |     1 |     4 ||     5

Table legend:
 A = Non-vault XP
 B = Vault XP
 C = Vault XP percentage of total XP
 D = Non-vault monster count
 E = Vault monster count
 F = Vault count percentage of total count
                 A         B        C        D         E       F
            +---------+---------+-------+---------+---------+-------
      Total |    4074 |    1131 |  21.7 |     134 |      43 |  24.3
            +---------+---------+-------+---------+---------+-------
        D:1 |      44 |       0 |   0.0 |      28 |       0 |   0.0
        D:2 |      20 |       0 |   0.0 |      10 |       0 |   0.0
        D:3 |      45 |      84 |  65.1 |      13 |      16 |  55.2
        D:4 |     146 |     102 |  41.1 |      13 |      12 |  48.0
        D:5 |    1114 |       0 |   0.0 |      22 |       0 |   0.0
        D:6 |    1126 |     733 |  39.4 |      17 |      13 |  43.3
        D:7 |    1149 |     212 |  15.6 |      21 |       2 |   8.7
        D:8 |     430 |       0 |   0.0 |      10 |       0 |   0.0
            +---------+---------+-------+---------+---------+-------
